 Dungeon Crawl Stone Soup version 0.27-a0-156-gbcd94eb011 (webtiles) character file.

Game seed: 690577157803523722

24089 jasper the Cleaver (level 12, -15/111 HPs)
             Began as a Palentonga Fighter on Jan 27, 2021.
             Was an Initiate of Gozag.
             Demolished by a two-headed ogre
             ... wielding a +0 giant club
              (16 damage)
             ... on level 2 of the Orcish Mines.
             The game lasted 00:30:12 (18268 turns).

jasper the Cleaver (Palentonga Fighter)            Turns: 18268, Time: 00:30:12

Health: -15/111    AC: 22    Str: 26    XL:     12   Next: 77%
Magic:  21/21      EV:  5    Int: 12    God:    Gozag
Gold:   2428       SH: 12    Dex:  9    Spells: 11/11 levels left

rFire    + . .     SeeInvis +   p - +5 broad axe (vorpal)
rCold    + + .     Faith    .   P - +1 kite shield {AC+3}
rNeg     + . .     Spirit   .   G - +0 plate armour
rPois    +         Reflect  .   m - +0 helmet
rElec    .         Harm     .   l - scarf {rC+ rF+}
rCorr    .         Rampage  .   (no gloves)
Will     .....                  (no barding)
Stlth    ..........             (no amulet)
HPRegen  0.28/turn              z - ring of positive energy
MPRegen  0.17/turn              K - ring "Lyfafawu" {rPois rC+ MP+9 Int+4}

@: lethally poisoned (-15 -> -15), flying, curled up
A: large, rugged brown scales 3, see invisible, deformed body, roll 1, armoured
tail, reflexive curl
a: Rolling Charge, Renounce Religion, Potion Petition, Call Merchant, Bribe
Branch


You were on level 2 of the Orcish Mines.
You worshipped Gozag.
Gozag was most pleased with you.
You visited 2 branches of the dungeon, and saw 14 of its levels.
You also visited: Bailey.

You collected 2886 gold pieces.
You spent 453 gold pieces at shops.
You paid 5 gold pieces to Gozag.

Inventory:

Hand Weapons
 a - a +0 war axe
 d - a +1 war axe of electrocution
 p - a +5 vorpal broad axe (weapon)
 t - a -1 eveningstar
 U - a +0 broad axe of venom
Missiles
 i - 89 poisoned darts
 n - 219 stones
 F - 27 boomerangs (quivered)
 H - 8 datura-tipped darts
Armour
 b - a +0 scale mail
 c - a +0 kite shield
 e - a +0 chain mail
 l - a scarf of resistance (worn)
 m - a +0 helmet (worn)
 G - a +0 plate armour (worn)
 J - a +2 cloak
 P - a +1 kite shield of protection (worn)
Jewellery
 z - a ring of positive energy (left hand)
 C - a +6 ring of intelligence
 K - the ring "Lyfafawu" (right hand) {rPois rC+ MP+9 Int+4}
   (You found it on level 7 of the Dungeon)

   [ring of magical power]

   It affects your intelligence (+4).
   It protects you from cold.
   It protects you from poison.
   It affects your magic capacity (+9).
 N - an uncursed ring of protection from fire
Wands
 B - a wand of flame (2)
 M - a wand of polymorph (2)
 Q - a wand of random effects (19)
Scrolls
 g - 6 scrolls of teleportation
 o - 3 scrolls of amnesia
 r - 3 scrolls of fear
 s - 10 scrolls of remove curse
 u - 2 scrolls of noise
 y - 3 scrolls of magic mapping
 A - 2 scrolls of enchant armour
 L - a scroll of summoning
 O - a scroll of fog
Potions
 h - 6 potions of lignification
 j - a potion of resistance
 k - 5 potions of curing
 q - 2 potions of invisibility
 v - 3 potions of cancellation
 x - 5 potions of haste
 D - a potion of magic
 E - a potion of attraction
 I - a potion of degeneration
 V - 3 potions of mutation
Miscellaneous
 S - a phial of floods (inert)
 T - a lightning rod (2/4)


   Skills:
 + Level 9.3 Fighting
 - Level 14.0 Axes
 + Level 7.8 Armour
 + Level 7.8 Shields
 - Level 6.0 Evocations


You had 11 spell levels left.
You didn't know any spells.
Your spell library contained the following spells:

 Spells                   Type           Power        Failure   Level
 Animate Skeleton         Necr           0%           99%         1
 Apportation              Tloc           0%           99%         1
 Corona                   Hex            0%           99%         1
 Freeze                   Ice            0%           99%         1
 Sting                    Tmut/Pois      0%           99%         1
 Summon Small Mammal      Summ           0%           99%         1
 Confusing Touch          Hex            0%           100%        3
 Gell's Gravitas          Tloc           0%           100%        3
 Cause Fear               Hex            0%           100%        4
 Hailstorm                Conj/Ice       0%           100%        4
 Petrify                  Tmut/Erth      0%           100%        4
 Metabolic Englaciation   Hex/Ice        0%           100%        5
 Silence                  Hex/Air        0%           100%        5
 Yara's Violent Unravell  Hex/Tmut       0%           100%        5
 Discord                  Hex            0%           100%        8


Dungeon Overview and Level Annotations

Branches:
Dungeon (12/15)            Temple (0/1) D:4            Lair (0/6) D:8
    Orc (2/2) D:9             Elf (0/3) Orc:2        Bailey (visited)

Altars:
Cheibriados
Dithmenos
Fedhas
Gozag
Makhleb
Nemelex Xobeh
Okawaru
Qazlal
Uskayaw
Xom
Zin
Beogh

Shops:
D:4 }   D:8 ?   D:12 [   Orc:1 [   Orc:2 ![=?

Annotations:
D:2 1 runed translucent door, Crazy Yiuf
D:3 2 transporters, Faydwarf's ghost, amateur HuFi


Innate Abilities, Weirdness & Mutations

You are completely covered in rugged brown scales. (AC +3, +7% HP)
You have supernaturally acute eyesight. (SInv)
Armour fits poorly on your strangely shaped body.
You can roll at nearby foes to attack.
You have a long armoured tail.
You curl defensively after being hit.


Message History

The two-headed ogre becomes distracted by the nearby gold, dreaming of imaginary riches.
You feel sick.
You take 1 damage, and have 33/111 hp.
The two-headed ogre is no longer distracted by gold.
You feel sick.
The ogre mage points at you and mumbles some strange words.
The bolt of lightning hits you!!
* * * LOW HITPOINT WARNING * * *
You take 27 damage, and have 6/111 hp.
MASSIVE DAMAGE!!
The ogre mage casts a spell at the two-headed ogre.
The two-headed ogre seems to speed up.
You feel sick.
The ogre mage hits you from afar with a +0 halberd.
* * * LOW HITPOINT WARNING * * *
You take 5 damage, and have 1/111 hp.
You feel very buoyant.
You fly up into the air.
The two-headed ogre hits you with a +0 giant club!
You die...
Your body crumbles into a pile of gold.

#####.###.## ##.##.......##.#
### ... #.....#....
###.###.#####.......# ##
###.....#.##.#....#...# .##
##.$.................... ..#
#......#.#.............#
..####.....###..<.........#.#
...##....$##....@............
#...##....#.$$$.O.........#.#
....#.#..........O.........##
....$......................#
.#......$.$....OO.........#
###.#......#..............
.#####.#......O......... ##
####.....O.......... #
##.#.........###..###


You could see 4 two-headed ogres and 2 ogre magi.

Vanquished Creatures
  An orc warlord (D:9)
  2 hydras
  4 two-headed ogres
  An ogre mage (Orc:2)
  Nergalle (D:12)
  2 hell knights (D:12)
  Pikel (D:5)
  A necromancer (D:12)
  3 ugly things (D:11)
  3 orc sorcerers
  A cyclops (D:7)
  Maurice (D:8)
  A kobold demonologist (D:7)
  2 trolls (D:10)
  Grinder (D:4)
  Sigmund (D:4)
  2 wyverns
  2 shadows
  4 yaks (D:11)
  3 wraiths
  A warg (D:9)
  A water moccasin (D:10)
  6 hell hounds (D:12)
  3 ice beasts
  4 necrophages
  19 orc warriors
  A black bear (D:6)
  An eye of draining (D:9)
  3 phantoms
  9 ogres
  7 centaurs
  A lemure (D:5)
  Blork the orc (D:5)
  6 bullfrogs
  A gnoll sergeant (D:12)
  10 scorpions
  11 killer bees
  9 wights
  3 bullfrog zombies
  2 quasits
  A centaur zombie (D:10)
  14 orc priests
  7 hounds
  2 jellies
  A bullfrog skeleton (D:9)
  A gnoll shaman (D:8)
  5 centaur skeletons
  2 iguanas
  18 orc wizards
  14 worker ants
  2 killer bee zombies
  A hound zombie (D:8)
  2 hound skeletons
  Robin (D:2)
  3 worker ant zombies
  15 adders
  A howler monkey skeleton (D:10)
  15 gnolls
  4 shadow imps
  A white imp (D:10)
  3 ufetubi
  An adder skeleton (D:4)
  2 worms
  3 dart slugs
  11 leopard geckos
  54 orcs
  A ball python (D:7)
  12 bats
  4 giant cockroaches
  18 goblins
  9 hobgoblins
  2 jackals (D:8)
  3 kobolds
  2 quokkas
  8 frilled lizards
  3 leopard gecko skeletons (D:5)
  A quokka skeleton (D:6)
  A quokka zombie (D:7)
  6 rats
390 creatures vanquished.

Vanquished Creatures (others)
  7 fungi
  4 plants (D:8)
11 creatures vanquished.

Grand Total: 401 creatures vanquished

Notes
Turn   | Place    | Note
-------+----------+-------------------------------------------
     0 | D:1      | jasper the Palentonga Fighter began the quest for the Orb.
     0 | D:1      | Reached XP level 1. HP: 20/20 MP: 1/1
   173 | D:1      | Reached XP level 2. HP: 17/27 MP: 2/2
   395 | D:1      | Reached skill level 3 in Axes
   815 | D:2      | Found a sparkling altar of Nemelex Xobeh.
   815 | D:2      | Found an opulent altar of Gozag.
   825 | D:2      | Became a worshipper of Gozag Ym Sagoz the Greedy
   897 | D:2      | Found a blossoming altar of Fedhas.
   994 | D:2      | Reached XP level 3. HP: 17/33 MP: 3/3
  1160 | D:2      | Noticed Robin
  1171 | D:2      | Killed Robin
  1173 | D:2      | Reached skill level 4 in Axes
  1346 | D:2      | Reached XP level 4. HP: 40/40 MP: 4/4
  1396 | D:2      | Found a stormy altar of Qazlal.
  1439 | D:2      | Noticed an earth elemental
  1439 | D:2      | Noticed a water elemental
  1440 | D:2      | Noticed an air elemental
  1440 | D:2      | Noticed a fire elemental
  1535 | D:2      | Found a shadowy altar of Dithmenos.
  1645 | D:2      | Found a runed translucent door.
  1646 | D:2      | Noticed Crazy Yiuf
  2071 | D:3      | Noticed an ogre
  2071 | D:3      | Noticed Faydwarf's ghost (amateur HuFi)
  2072 | D:3      | Found a transporter.
  2072 | D:3      | Found a transporter.
  2107 | D:3      | Reached skill level 5 in Axes
  2278 | D:3      | Found a faded altar of an unknown god.
  2278 | D:3      | Found a glowing silver altar of Zin.
  2460 | D:3      | Reached XP level 5. HP: 48/48 MP: 5/5
  3513 | D:4      | Reached skill level 6 in Axes
  3551 | D:4      | Reached XP level 6. HP: 30/54 MP: 6/6
  3805 | D:4      | Reached skill level 7 in Axes
  3915 | D:4      | Gained mutation: You curl defensively after being hit.
                  | [Palentonga growth]
  3915 | D:4      | Reached XP level 7. HP: 22/60 MP: 7/7
  4166 | D:4      | Reached skill level 8 in Axes
  4284 | D:4      | Found a staircase to the Ecumenical Temple.
  4284 | D:4      | Noticed Grinder
  4320 | D:4      | Paralysed by Grinder for 2 turns
  4330 | D:4      | Killed Grinder
  4331 | D:4      | Reached skill level 9 in Axes
  4481 | D:4      | Noticed Sigmund
  4501 | D:4      | Killed Sigmund
  4502 | D:4      | Reached XP level 8. HP: 45/67 MP: 8/8
  4808 | D:4      | Found Reogeliq's Gadget Shop.
  5340 | D:5      | Entered Level 5 of the Dungeon
  5474 | D:5      | Reached skill level 10 in Axes
  5538 | D:5      | Noticed Pikel
  5560 | D:5      | Killed Pikel
  5561 | D:5      | Reached skill level 11 in Axes
  5635 | D:5      | Noticed Blork the orc
  5645 | D:5      | Killed Blork the orc
  5759 | D:5      | Found a burning altar of Makhleb.
  5759 | D:5      | Noticed a balrug
  5820 | D:5      | Found a snail-covered altar of Cheibriados.
  6214 | D:6      | Reached XP level 9. HP: 29/73 MP: 9/9
  6442 | D:6      | Found a shimmering altar of Xom.
  6473 | D:6      | Reached skill level 12 in Axes
  7272 | D:6      | Found an iron altar of Okawaru.
  7626 | D:7      | Found a flagged portal.
  7652 | Bailey   | Entered a bailey
  8099 | Bailey   | Found a burning altar of Makhleb.
  8268 | D:7      | Reached skill level 13 in Axes
  8378 | D:7      | Found a hide-covered altar of Uskayaw.
  8466 | D:7      | Noticed a cyclops
  8555 | D:7      | Killed a cyclops
  8556 | D:7      | Reached skill level 14 in Axes
  8556 | D:7      | Reached XP level 10. HP: 62/82 MP: 10/10
  8677 | D:7      | Noticed a five-headed hydra
  8692 | D:7      | Killed a five-headed hydra
  8693 | D:7      | Reached skill level 1 in Evocations
  8737 | D:7      | Got a shimmering marble ring
  8738 | D:7      | Identified Meyxkey's Guide on the Frostbite and Shape
                  | Shifting
  9007 | D:7      | Identified the ring "Lyfafawu" {rPois rC+ MP+9 Int+4} (You
                  | found it on level 7 of the Dungeon)
  9605 | D:8      | Found a blossoming altar of Fedhas.
  9790 | D:8      | Found a staircase to the Lair.
  9820 | D:8      | Noticed Maurice
  9858 | D:8      | Found Ycooqust's Magic Scroll Boutique.
  9891 | D:8      | Bought a scroll of identify for 22 gold pieces
  9891 | D:8      | Bought 3 scrolls of teleportation for 99 gold pieces
  9891 | D:8      | Bought a scroll of remove curse for 33 gold pieces
  9891 | D:8      | Bought a scroll of identify for 22 gold pieces
  9891 | D:8      | Bought a scroll of enchant weapon for 82 gold pieces
 10083 | D:8      | Killed Maurice
 10510 | D:9      | Noticed a two-headed ogre
 10529 | D:9      | Killed a two-headed ogre
 10530 | D:9      | Reached skill level 5 in Fighting
 11050 | D:9      | Found a staircase to the Orcish Mines.
 11568 | Orc:1    | Entered Level 1 of the Orcish Mines
 11580 | Orc:1    | Reached XP level 11. HP: 87/94 MP: 11/11
 11715 | Orc:1    | Noticed an orc sorcerer
 11728 | Orc:1    | Found Cuazat's Armour Shoppe.
 12041 | Orc:1    | Paralysed by an orc sorcerer for 3 turns
 12052 | Orc:1    | Killed an orc sorcerer
 12058 | Orc:1    | Noticed an orc warlord
 12061 | Orc:1    | Noticed an orc sorcerer
 12063 | Orc:1    | Noticed an orc sorcerer
 12158 | D:10     | Entered Level 10 of the Dungeon
 12955 | D:10     | Reached skill level 5 in Armour
 12955 | D:10     | Reached skill level 5 in Shields
 13040 | D:10     | Noticed a two-headed ogre
 13046 | D:10     | Killed a two-headed ogre
 14355 | D:11     | Noticed a purple ugly thing
 14366 | D:11     | Killed a purple ugly thing
 14367 | D:11     | Reached skill level 5 in Evocations
 14726 | D:11     | Noticed a four-headed hydra
 14739 | D:11     | Killed a four-headed hydra
 15242 | D:11     | Noticed a green ugly thing
 15289 | D:11     | Killed a green ugly thing
 15401 | D:11     | Noticed a white ugly thing
 15419 | D:11     | Killed a white ugly thing
 16147 | D:12     | Found Venukh's Antique Armour Boutique.
 16155 | D:12     | Bought a glowing kite shield for 195 gold pieces
 16342 | D:12     | Reached XP level 12. HP: 105/107 MP: 12/12
 16370 | D:12     | Noticed Nergalle
 16379 | D:12     | Killed Nergalle
 16553 | D:12     | Noticed a two-headed ogre
 16558 | D:12     | Killed a two-headed ogre
 17279 | D:9      | Killed an orc warlord
 17727 | Orc:1    | You fall into a shaft and drop 1 floor!
 17727 | Orc:2    | Entered Level 2 of the Orcish Mines
 18095 | Orc:2    | Found a staircase to the Elven Halls.
 18237 | Orc:2    | Noticed a two-headed ogre
 18238 | Orc:2    | Noticed an ogre mage
 18238 | Orc:2    | Noticed an ogre mage
 18238 | Orc:2    | Noticed a two-headed ogre
 18238 | Orc:2    | Noticed an ogre mage
 18239 | Orc:2    | Found Vuizofa's Distillery.
 18239 | Orc:2    | Found Zalap's Antique Armour Shop.
 18239 | Orc:2    | Noticed a two-headed ogre
 18239 | Orc:2    | Noticed a two-headed ogre
 18239 | Orc:2    | Noticed a two-headed ogre
 18240 | Orc:2    | Noticed a two-headed ogre
 18240 | Orc:2    | Noticed a two-headed ogre
 18240 | Orc:2    | Noticed a two-headed ogre
 18240 | Orc:2    | Found Qoryofi's Jewellery Shop.
 18240 | Orc:2    | Found Ymilut's Magic Scroll Shoppe.
 18240 | Orc:2    | Found a roughly hewn altar of Beogh.
 18240 | Orc:2    | Noticed a two-headed ogre
 18240 | Orc:2    | Noticed a two-headed ogre
 18240 | Orc:2    | Noticed an ogre mage
 18240 | Orc:2    | Noticed a two-headed ogre
 18241 | Orc:2    | Noticed a two-headed ogre
 18243 | Orc:2    | Noticed a two-headed ogre
 18248 | Orc:2    | Killed a two-headed ogre
 18250 | Orc:2    | Killed an ogre mage
 18267 | Orc:2    | HP: 1/111 [ogre mage/+0 halberd (5)]
 18268 | Orc:2    | Demolished by a two-headed ogre

Illustrated notes

Levels and vault maps discovered:
D:1:      minmay_arrival_open_corners, layout_loops_ring
D:2:      layout_loops_ring, grunt_temple_overflow_opulence,
          nicolae_qazlal_style_of_elements, overflow_temple_1_default,
          lemuel_coloured_pillars_altar, kennysheep_generic_room_11, uniq_robin,
          uniq_crazy_yiuf_cottage
D:3:      layout_basic, nicolae_overflow_hidden_temple, gammafunk_ghost_smash,
          chequers_ecumenical_altar_simple
D:4:      old_forge, layout_loops_ring, minmay_temple_entry_large_hall,
          serial_shops, shop_statue, uniq_sigmund, uniq_grinder
D:5:      layout_cave_pools, kennysheep_slug_shrine, makhleb_altar_promises_db,
          eino_tiny_chamber, uniq_blork_the_orc, uniq_pikel
D:6:      layout_loops_ring, old_standard_altar, xom_teletrap_fun,
          kennysheep_generic_room_8
D:7:      minmay_the_grid_square_5x5_3x3 [minmay_the_grid_square_5x5_two,
          minmay_the_grid_square_5x5_bridge,
          minmay_the_grid_square_5x5_intrusive_squares,
          minmay_the_grid_square_5x5_misaligned,
          minmay_the_grid_square_5x5_megaprize_crossed,
          minmay_the_grid_square_5x5_six, minmay_the_grid_square_5x5_meh,
          minmay_the_grid_square_5x5_dogpile,
          minmay_the_grid_square_5x5_minivault], layout_rooms,
          kennysheep_little_box, enter_bailey_5
D:8:      layout_rooms, dpeg_oklobed_lair, serial_shops, shop_statue,
          kennysheep_path_1, nrook_mini_backslash, fedhas_altar_2, uniq_maurice
D:9:      layout_basic, orc_0_dummy
D:10:     layout_basic, minmay_door_square, minmay_fractal_squares_5
D:11:     layout_small_grid
D:12:     minmay_guarded_unrand_guard, layout_cave_pods, serial_shops, shop,
          minmay_rotating_lava, uniq_nergalle, uniq_sonja
Orc:1:    layout_caves, serial_shops, nicolae_shop_crystal
Orc:2:    st_orc_ogre_mass, layout_caves, basic_altar, minmay_orc_temple_b

Skill      XL: |  1  2  3  4  5  6  7  8  9 10 11 12 |
---------------+-------------------------------------+-----
Axes           | 3 4 5 6 7 9 11 14 | 14.0
Evocations     | 3 6 |  6.0
Armour         | 4 6 7 |  7.8
Shields        | 4 6 7 |  7.8
Fighting       | 5 7 9 |  9.3

Action                   |  1- 3 |  4- 6 |  7- 9 | 10-12 || total
-------------------------+-------+-------+-------+-------++-------
Melee: War axe           |   104 |   177 |   270 |   525 ||  1076
       Tailslap          |     8 |    17 |    26 |    98 ||   149
       Eveningstar       |       |       |       |    14 ||    14
       Broad axe         |       |       |       |   132 ||   132
Throw: Stone             |     3 |    27 |    10 |     4 ||    44
       Boomerang         |       |       |       |    59 ||    59
 Abil: Rolling Charge    |    20 |     1 |     8 |    37 ||    66
Evoke: Wand              |       |       |     3 |    21 ||    24
       Phial of floods   |       |       |       |     2 ||     2
       Lightning rod     |       |       |       |     4 ||     4
  Use: Potion            |       |     1 |     2 |     9 ||    12
       Scroll            |       |     4 |     9 |    17 ||    30
 Stab: Distracted        |       |       |     1 |     3 ||     4
       Invisible         |       |       |       |     3 ||     3
       Paralysed         |       |       |       |    12 ||    12
Armor: Chain mail        |    58 |   118 |    98 |       ||   274
       Plate armour      |       |       |    24 |   315 ||   339
Dodge: Dodged            |    12 |    39 |    25 |    77 ||   153
Block: Kite shield       |    41 |    71 |   115 |   279 ||   506

Table legend: (Time is in decaauts)
 A = Elapsed time spent in this place.
 B = Non-inter-level travel time spent in this place.
 C = Inter-level travel time spent in this place.
 D = Time resting spent in this place.
 E = Time spent auto-exploring this place.
 F = Levels seen in this place.
 G = Mean time per level.
                   A        B        C        D        E       F      G
               +--------+--------+--------+--------+--------+-----+--------+
         Total |  18472 |  18051 |    421 |   3758 |  11005 |  15 | 1231.5 |
       Dungeon |  17005 |  16601 |    404 |   3191 |  10467 |  12 | 1417.1 |
  Orcish Mines |    971 |    954 |     17 |    194 |    538 |   2 |  485.5 |
        Bailey |    495 |    495 |      0 |    373 |      0 |   1 |  495.0 |
               +--------+--------+--------+--------+--------+-----+--------+

Top non-repeatable levels by time:
    D:10: 2204 daAuts
     D:4: 1992 daAuts
    D:11: 1813 daAuts
     D:9: 1597 daAuts
     D:3: 1443 daAuts
     D:7: 1344 daAuts
     D:2: 1302 daAuts
     D:6: 1235 daAuts
     D:8: 1147 daAuts
    D:12: 1097 daAuts
     D:5: 1077 daAuts
     D:1: 749 daAuts
   Orc:1: 552 daAuts
  Bailey: 495 daAuts
   Orc:2: 418 daAuts
